AoeStats
← Comend x comend

African Clearing

506577605Analyzed
4v4 RM · 18d ago on Sep 14, 2026· 43m 31s· 8 players
Game mode
Random Map
Map size
Large (8 player)
Population
200
Speed
Normal
Resources
Standard
Victory
Conquest
Starting age
Dark Age
Ending age
Imperial Age
RankedLock teamsTeams togetherTeam positionsShared explorationLock speedFull tech treeHidden civsTurbo modeCheats
Victory
Defeat
🇹🇼 Italians · Taiwan
1351
+12
🇵🇪 Mongols · Peru
1348
+12
🇨🇳 Celts · China
1329
+13
🇵🇪 Koreans · Peru
1289
+14
🇦🇷 Vietnamese · Argentina
1299
-14
🇨🇱 Maya · Chile
1292
-14
🇦🇷 Saracens · Argentina
1277
-14
🇺🇸 Lithuanians · United States
1169
-9
jona_vte_94
6:04 Loom
12:17 Feudal Age
17:06 Castle Age
15:58 Double-Bit Axe
15:55 Horse Collar
18:33 Town Watch
28:52 Forging
31:34 Wheelbarrow
37:04 Imperial Age
36:16 Hand Cart
36:13 Bow Saw
37:26 Gold Mining
38:14 Scale Barding Armor
41:30 Iron Casting
41:09 Fletching
41:44 Conscription
41:58 Town Patrol
44:33 Chemistry
43:15 Treadmill Crane
43:31 Murder Holes
Comend x comend
3:30 Loom
13:16 Feudal Age
16:11 Bloodlines
22:54 Castle Age
20:37 Horse Collar
21:56 Forging
24:22 Wheelbarrow
24:09 Double-Bit Axe
29:39 Bow Saw
29:35 Gold Mining
29:42 Stone Mining
31:27 Hand Cart
32:22 Town Watch
33:25 Town Patrol
34:22 Gold Shaft Mining
33:53 Husbandry
35:41 Heavy Plow
38:48 Imperial Age
37:08 Iron Casting
36:38 Scale Barding Armor
38:52 Elite Steppe Lancer
39:42 Scale Barding Armor
40:48 Blast Furnace
40:58 Chain Barding Armor
LuLALa
7:37 Loom
20:28 Feudal Age
21:33 Double-Bit Axe
25:36 Castle Age
24:01 Fletching
26:18 Crossbowman
31:10 Ballistics
38:22 Horse Collar
39:08 Padded Archer Armor
41:56 Bodkin Arrow
42:20 Bow Saw
野象
5:38 Loom
14:47 Feudal Age
19:12 Castle Age
20:12 Double-Bit Axe
23:24 Horse Collar
25:06 Heavy Plow
28:14 Pikeman
32:38 Gold Mining
33:56 Gold Shaft Mining
39:22 Imperial Age
37:29 Wheelbarrow
36:40 Town Watch
42:01 Heavy Scorpion
43:58 Conscription
[S93] Unkn0wn13
9:15 Loom
13:42 Feudal Age
16:50 Wheelbarrow
16:04 Double-Bit Axe
16:40 Horse Collar
25:02 Castle Age
24:59 Bloodlines
38:19 Imperial Age
36:34 Forging
37:17 Bow Saw
37:12 Heavy Plow
39:53 Iron Casting
39:24 Scale Barding Armor
39:25 Cavalier
40:06 Husbandry
42:44 Pikeman
NoCry
6:35 Loom
13:16 Feudal Age
16:57 Castle Age
16:43 Double-Bit Axe
dansanti
4:11 Loom
13:41 Feudal Age
15:37 Double-Bit Axe
19:30 Castle Age
20:55 Forging
21:24 Fletching
25:17 Bodkin Arrow
30:28 Elite Skirmisher
32:06 Ballistics
42:20 Coinage
45:48 Imperial Age
PedritoFurioso
6:25 Loom
18:38 Feudal Age
24:13 Wheelbarrow
23:59 Double-Bit Axe
29:41 Castle Age
32:44 Hand Cart
32:40 Bow Saw
32:11 Horse Collar
32:54 Town Watch
37:49 Heavy Plow
37:40 Gold Mining
41:47 Imperial Age
42:05 Pikeman
42:46 Squires
42:31 Arson
42:08 Elite Fire Lancer
43:01 Forging
42:51 Scale Mail Armor
42:44 Fletching
42:55 Halberdier
Connection lost

Rejoining the realm…

Still unreachable

The connection could not be restored.

Session expired

The server has moved on; the page needs a fresh start.